 Dungeon Crawl Stone Soup version 0.31-a0-152-g6aa68a64a1 (webtiles) character file.

Game seed: 16039847891835826184

64 qw the Shooter (level 3, -9/31 HPs)
             Began as a Minotaur Hunter on June 10, 2023.
             Mangled by a black bear (10 damage)
             ... on level 4 of the Dungeon.
             The game lasted 00:00:24 (846 turns).

qw the Shooter (Minotaur Hunter)                     Turns: 846, Time: 00:00:25

Health: -9/31      AC:  3    Str: 15    XL:     3   Next: 91%
Magic:  0/2        EV: 12    Int:  6    God:
Gold:   51         SH:  0    Dex: 15    Spells: 2/2 levels left

rFire   . . .        Y - +0 shortbow
rCold   . . .        (shield currently unavailable)
rNeg    . . .        c - +0 leather armour
rPois   .            (helmet restricted)
rElec   .            (no cloak)
rCorr   .            (no gloves)
SInv    .            (no boots)
Will    +....        f - amulet of guardian spirit
Stlth   +            h - ring of willpower
HPRegen 0.25/turn    (no ring)
MPRegen 0.08/turn

%: guardian spirit
@: no status effects
A: horns 2, retaliatory headbutt
a: no special abilities


You were on level 4 of the Dungeon.
You visited 1 branch of the dungeon, and saw 3 of its levels.

You collected 51 gold pieces.


Innate Abilities, Weirdness & Mutations

You have a pair of horns on your head.
You reflexively headbutt those who attack you in melee.


   Skills:
 - Level 3.0 Fighting
 + Level 5.9 Ranged Weapons
 - Level 2.1 Dodging
 - Level 0.7 Stealth


You had 2 spell levels left.
You didn't know any spells.
Your spell library was empty.

Inventory:

Hand Weapons
 Y - a +0 shortbow (weapon)
Armour
 c - a +0 leather armour (worn)
 k - a +0 ring mail
Jewellery
 f - an amulet of guardian spirit (around neck)
 h - a ring of willpower (left hand)
Scrolls
 b - a scroll of immolation {unknown}
 i - 2 scrolls of identify {unknown}
Potions
 a - a potion of invisibility {unknown}
 d - 2 potions of curing {unknown}
 e - a potion of haste {unknown}
 g - a potion of brilliance {unknown}
 j - a potion of cancellation {unknown}

Dungeon Overview and Level Annotations

Branches:
Dungeon (2/15)

Altars:

Annotations:
D:2 Robin


Message History

You shoot an arrow.
The arrow hits the black bear but does no damage.
The black bear is lightly wounded.
A hobgoblin comes into view.
You shoot an arrow.
The arrow closely misses the black bear.
The hobgoblin shouts!
You shoot an arrow. The arrow hits the black bear.
The black bear is lightly wounded.
You shoot an arrow. The arrow hits the black bear!
The black bear is moderately wounded.
You shoot an arrow. The arrow hits the black bear!
The black bear is severely wounded.
The black bear bites you but does no damage.
The black bear claws you. The black bear completely misses you.
You shoot an arrow. The arrow hits the black bear.
The black bear is severely wounded.
The black bear bites you. The black bear closely misses you.
The black bear misses you.
You shoot an arrow. The arrow hits the black bear.
The black bear is almost dead.
A ball python comes into view.
The hobgoblin hits you but does no damage.
The black bear goes berserk!
The ball python moves out of view.
You shoot an arrow.
The arrow hits the black bear but does no damage.
The black bear is almost dead.
The black bear bites you but does no damage.
The black bear claws you but does no damage.
The black bear claws you. The hobgoblin barely misses you.
The black bear bites you! The black bear claws you.
The black bear closely misses you.
You shoot an arrow.
The arrow closely misses the black bear.
The black bear bites you. The black bear claws you. x2
The hobgoblin barely misses you.
You shoot an arrow. The arrow hits the black bear.
The black bear is almost dead.
The black bear bites you!
You die...

####.###..#####.
................
#.######..######
#..# #..# #
#####..######
#.##........%...
#.....##[.######
####.@##..#
#gh##..#
#..##..#
#.[##..#
.......#
#...##..# .$...
##...#


You could see a black bear (berserk) and a hobgoblin.

Vanquished Creatures
  Jessica (D:2)
  6 endoplasms
  2 giant cockroaches
  6 goblins
  3 hobgoblins
  5 kobolds
  3 ball pythons (D:1)
  3 bats (D:1)
  5 frilled lizards
  A rat (D:1)
35 creatures vanquished.

Notes
Turn   | Place    | Note
-------+----------+-------------------------------------------
     0 | D:1      | qw the Minotaur Hunter began the quest for the Orb.
     0 | D:1      | Reached XP level 1. HP: 18/18 MP: 0/0
     0 | D:1      | 0 ||| qw: Version: 0.2-a-122-gbc61b45
     0 | D:1      | 0 ||| qw: Game counter: 3503
     0 | D:1      | 0 ||| qw: Always use a shield: true
     0 | D:1      | 0 ||| qw: God list: Okawaru
     0 | D:1      | 0 ||| qw: Allow faded altars: false
     0 | D:1      | 0 ||| qw: Do Orc after D:15 true
     0 | D:1      | 0 ||| qw: Do second Lair branch before Depths: true
     0 | D:1      | 0 ||| qw: Lair rune preference: random
     0 | D:1      | 0 ||| qw: Plans: Normal
     0 | D:1      | 0 ||| PLANNING D:1-11
    50 | D:1      | Reached XP level 2. HP: 25/25 MP: 1/1
    75 | D:1      | Reached skill level 5 in Ranged Weapons
   479 | D:1      | Reached skill level 3 in Fighting
   558 | D:1      | 558 ||| UPGRADING to amulet of guardian spirit.
   563 | D:1      | 563 ||| UPGRADING to ring of willpower.
   564 | D:1      | 564 ||| READING scroll labelled QUBLIOMN AMYEF.
   565 | D:1      | 565 ||| DROPPING scroll of butterflies.
   653 | D:2      | Found a faded altar of an unknown god.
   680 | D:2      | Noticed Jessica
   681 | D:2      | 681 ||| Stepping ~*~*~tactically~*~*~ (outnumbered).
   688 | D:2      | Killed Jessica
   689 | D:2      | Reached XP level 3. HP: 24/31 MP: 2/2
   776 | D:2      | Noticed Robin
   777 | D:2      | 777 ||| Stepping ~*~*~tactically~*~*~ (outnumbered).
   781 | D:2      | 781 ||| Stepping ~*~*~tactically~*~*~ (outnumbered).
   792 | D:2      | You fall into a shaft and drop 2 floors!
   835 | D:4      | Noticed a black bear
   845 | D:4      | HP: 5/31 [black bear (6)]
   845 | D:4      | HP: 1/31 [black bear (4)]
   846 | D:4      | Mangled by a black bear

Levels and vault maps discovered:
D:1:      dpeg_arrival_pits, layout_basic, minmay_lizard_pond
D:2:      layout_loops_ring, shapermc_ecumenical_altar_pompeii, serial_aquarium,
          aquarium_bridge_long_separate [aquarium_subvault_bridge,
          aquarium_subvault_wall, aquarium_subvault_wall,
          aquarium_subvault_bridge, aquarium_subvault_balcony,
          aquarium_subvault_window], aquarium_window_corridor_1,
          aquarium_window_fake, aquarium_window_1, aquarium_window_fake,
          aquarium_view_2f, aquarium_view_2c, aquarium_balcony_5b,
          aquarium_pool_double, uniq_robin, uniq_natasha, uniq_jessica
D:4:      layout_loops_ring, grunt_temple_overflow_open, uniq_eustachio

Skill      XL: |  1  2 |
---------------+-------+-----
Ranged Weapons | 5 |  5.9
Fighting       | 3 |  3.0
Dodging        | |  2.1
Stealth        | |  0.7

Action                     || total
---------------------------++-------
   Fire: Shortbow          ||    99
    Use: Scroll            ||     1
 Armour: Leather armour    ||    13
  Dodge: Dodged            ||    28

Table legend:
 A = Non-vault XP
 B = Vault XP
 C = Vault XP percentage of total XP
 D = Non-vault monster count
 E = Vault monster count
 F = Vault count percentage of total count
                 A         B        C        D         E       F
            +---------+---------+-------+---------+---------+-------
      Total |      41 |      51 |  55.4 |      25 |      10 |  28.6
            +---------+---------+-------+---------+---------+-------
        D:1 |      27 |       4 |  12.9 |      17 |       4 |  19.0
        D:2 |      12 |      47 |  79.7 |       7 |       6 |  46.2
        D:4 |       2 |       0 |   0.0 |       1 |       0 |   0.0
            +---------+---------+-------+---------+---------+-------
